[Event "SWE-ch 65 2019"]
[Site "Eskilstuna"]
[Date "2019.07.11"]
[Round "6.4"]
[White "Dolata, Henryk"]
[Black "Wademark, Helge"]
[Result "1/2-1/2"]
[ECO "B20"]
[WhiteElo "2061"]
[BlackElo "2002"]
[Annotator "NA"]
[PlyCount "47"]
[EventDate "2019.07.06"]
[EventType "tourn"]
[EventCountry "SWE"]
[SourceTitle "playchess.com"]
[Source "ChessBase"]
[SourceQuality "1"]
[TimeControl "40/5400+30:1800+30"]

1. e4 e6 2. b3 d5 3. Bb2 c5 4. exd5 exd5 5. d4 Nf6 6. Nf3 Bg4 7. Nbd2 Nc6 8. Be2 Be7 9. O-O O-O 10. h3 Bf5 11. dxc5 Bxc5 12. a3 a6 13. b4 Ba7 14. Nb3 Rc8 15. Rc1 Ne4 16. Nbd4 Nxd4 17. Nxd4 Bg6 18. Bf3 Nc3 19. Qd2 Ne4 20. Qd1 Nc3 21. Qd2 Ne4 22. Qf4 Bb8 23. Qe3 Re8 24. Rfe1 1/2-1/2

[Event "SWE-ch 65 2019"]
[Site "Eskilstuna"]
[Date "2019.07.12"]
[Round "7.1"]
[White "Bellon Lopez, Juan Manuel"]
[Black "Gillefalk, Bjorn"]
[Result "1-0"]
[ECO "D12"]
[WhiteElo "2343"]
[BlackElo "2071"]
[Annotator "NA"]
[PlyCount "79"]
[EventDate "2019.07.06"]
[EventType "tourn"]
[EventCountry "SWE"]
[SourceTitle "playchess.com"]
[Source "ChessBase"]
[SourceQuality "1"]
[TimeControl "40/5400+30:1800+30"]

1. d4 Nf6 2. Nf3 d5 3. e3 Bf5 4. c4 c6 5. Nc3 e6 6. Nh4 Be4 7. Qb3 Qb6 8. c5 Qc7 9. Bd2 Nbd7 10. f3 Bg6 11. Nxg6 hxg6 12. f4 g5 13. g3 Be7 14. Be2 gxf4 15. gxf4 O-O-O 16. O-O-O g6 17. Be1 Nh5 18. Qa3 Kb8 19. b4 a6 20. Qb3 Ng7 21. a4 Nf5 22. Rd3 Rh3 23. Bg4 Rxe3 24. Bxf5 Rxe1+ 25. Rxe1 Qxf4+ 26. Kb1 Qxf5 27. Qd1 g5 28. Qf3 Bf6 29. Qxf5 exf5 30. h4 gxh4 31. Rf1 Rg8 32. Rxf5 Rg2 33. Rh5 Nf8 34. b5 axb5 35. axb5 Ne6 36. b6 Nf4 37. Re3 Kc8 38. Rh7 Rg7 39. Rh8+ Kd7 40. Rb8 1-0

[Event "SWE-ch 65 2019"]
[Site "Eskilstuna"]
[Date "2019.07.12"]
[Round "7.2"]
[White "Westin, Ake"]
[Black "Dolata, Henryk"]
[Result "1/2-1/2"]
[ECO "A03"]
[WhiteElo "1975"]
[BlackElo "2061"]
[Annotator "NA"]
[PlyCount "103"]
[EventDate "2019.07.06"]
[EventType "tourn"]
[EventCountry "SWE"]
[SourceTitle "playchess.com"]
[Source "ChessBase"]
[SourceQuality "1"]
[TimeControl "40/5400+30:1800+30"]

1. f4 d5 2. Nf3 Nf6 3. e3 g6 4. Be2 Bg7 5. O-O O-O 6. d3 c5 7. Ne5 Nfd7 8. Nxd7 Qxd7 9. e4 Nc6 10. c3 dxe4 11. dxe4 Qxd1 12. Rxd1 e5 13. Na3 Be6 14. Be3 b6 15. Nb5 Rad8 16. Rxd8 Rxd8 17. Nc7 Bc8 18. Rd1 Rxd1+ 19. Bxd1 exf4 20. Bxf4 Ne5 21. Bxe5 Bxe5 22. Nd5 Bb7 23. Bf3 Kf8 24. Kf2 Ke8 25. Ne3 Ke7 26. g3 h5 27. Nc4 Bc7 28. a4 Ke6 29. Bg2 Bc6 30. b3 Bb7 31. Bh3+ Ke7 32. Bg2 Ba6 33. Bf1 Bxc4 34. Bxc4 Be5 35. h3 Bxc3 36. Ke3 Be5 37. Kf3 Bc7 38. Bd5 Kf6 39. Bc4 Be5 40. Bd5 Bc3 41. Bc4 Be5 42. Bd5 Kg7 43. Bc4 f6 44. Be6 Bc3 45. Bd5 g5 46. Bc4 Kg6 47. Be6 Be1 48. Bd7 Kf7 49. Bf5 h4 50. gxh4 Bxh4 51. Ke3 Ke7 52. Kd3 1/2-1/2

[Event "SWE-ch 65 2019"]
[Site "Eskilstuna"]
[Date "2019.07.12"]
[Round "7.3"]
[White "Salholm, Soren"]
[Black "Blomstrom, Lars"]
[Result "0-1"]
[ECO "C77"]
[WhiteElo "1875"]
[BlackElo "2153"]
[Annotator "NA"]
[PlyCount "90"]
[EventDate "2019.07.06"]
[EventType "tourn"]
[EventCountry "SWE"]
[SourceTitle "playchess.com"]
[Source "ChessBase"]
[SourceQuality "1"]
[TimeControl "40/5400+30:1800+30"]

1. e4 e5 2. Nf3 Nc6 3. Bb5 a6 4. Ba4 Nf6 5. d3 b5 6. Bb3 Bc5 7. c3 Bb6 8. Bg5 h6 9. Bh4 d6 10. Nbd2 Bb7 11. h3 Na5 12. Bc2 c5 13. O-O Qe7 14. Re1 g5 15. Bg3 Nh5 16. b4 cxb4 17. cxb4 Nc6 18. Nxe5 Nxg3 19. Nxc6 Bxc6 20. Qf3 Qe5 21. Nb3 Qf4 22. Bd1 Nh5 23. d4 Qxf3 24. Bxf3 Nf4 25. Rad1 O-O 26. Bg4 Rad8 27. g3 Ng6 28. Kg2 Kg7 29. Rc1 Bb7 30. Kh2 Ne7 31. e5 dxe5 32. Rxe5 Ng6 33. Re2 Rfe8 34. Rd2 Bd5 35. Nc5 Bxc5 36. bxc5 Ne7 37. f4 Nc6 38. h4 gxh4 39. gxh4 Re3 40. Bh3 Kf6 41. Bg2 Bxg2 42. Kxg2 Rxd4 43. Rxd4 Nxd4 44. c6 Re8 45. c7 Rc8 0-1

[Event "SWE-ch 65 2019"]
[Site "Eskilstuna"]
[Date "2019.07.12"]
[Round "7.4"]
[White "Wademark, Helge"]
[Black "Alquist, Erik"]
[Result "0-1"]
[ECO "B23"]
[WhiteElo "2002"]
[BlackElo "1976"]
[Annotator "NA"]
[PlyCount "42"]
[EventDate "2019.07.06"]
[EventType "tourn"]
[EventCountry "SWE"]
[SourceTitle "playchess.com"]
[Source "ChessBase"]
[SourceQuality "1"]
[TimeControl "40/5400+30:1800+30"]

1. e4 c5 2. Nc3 Nc6 3. f4 g6 4. Nf3 Bg7 5. Bb5 Nd4 6. Nxd4 cxd4 7. Ne2 a6 8. Bd3 d5 9. e5 f6 10. exf6 Nxf6 11. O-O O-O 12. c3 Nh5 13. g3 Bh3 14. Re1 e5 15. fxe5 Bxe5 16. Kh1 Qg5 17. cxd4 Bd6 18. Qb3 Rae8 19. Qd1 Rf2 20. b3 Qg4 21. Bb2 Qf3+ 0-1

[Event "SWE-ch 65 2019"]
[Site "Eskilstuna"]
[Date "2019.07.13"]
[Round "8.1"]
[White "Blomstrom, Lars"]
[Black "Bellon Lopez, Juan Manuel"]
[Result "1/2-1/2"]
[ECO "B26"]
[WhiteElo "2153"]
[BlackElo "2343"]
[Annotator "NA"]
[PlyCount "215"]
[EventDate "2019.07.06"]
[EventType "tourn"]
[EventCountry "SWE"]
[SourceTitle "playchess.com"]
[Source "ChessBase"]
[SourceQuality "1"]
[TimeControl "40/5400+30:1800+30"]

1. e4 c5 2. Nc3 Nc6 3. g3 g6 4. Bg2 Bg7 5. d3 d6 6. Be3 e5 7. Qd2 Nge7 8. Nge2 Nd4 9. O-O O-O 10. Rab1 Be6 11. f4 Qd7 12. a3 Rac8 13. Bf2 b6 14. Nxd4 exd4 15. Ne2 d5 16. e5 Bh3 17. Bxh3 Qxh3 18. Kh1 Rfe8 19. Rbe1 Bh6 20. Ng1 Qh5 21. h3 Qf5 22. Kg2 Nc6 23. Nf3 Nxe5 24. Nxe5 Rxe5 25. Rxe5 Qxe5 26. Re1 Qd6 27. Qe2 Bf8 28. Qf3 Bg7 29. Re2 Kf8 30. f5 Re8 31. fxg6 hxg6 32. Rxe8+ Kxe8 33. g4 Be5 34. h4 Kf8 35. h5 Kg8 36. Bh4 Bf4 37. a4 Qe5 38. b3 Kg7 39. Bf2 gxh5 40. gxh5 Kh6 41. Bh4 Qe3 42. Bf2 Qxf3+ 43. Kxf3 Kg5 44. h6 Be5 45. h7 Kg6 46. Bg3 Bf6 47. Bb8 a6 48. Ba7 b5 49. axb5 axb5 50. Bxc5 Kxh7 51. Bb4 Kg6 52. Bc5 Kf5 53. Bb4 Be5 54. Bd2 Kg6 55. Be1 Kg5 56. Bf2 f5 57. Be1 Bd6 58. Bf2 Be5 59. Be1 Kf6 60. Bd2 Bh2 61. Be1 Bg1 62. Bd2 Be3 63. Bb4 Kg5 64. Be7+ Kh5 65. Bf6 Kg6 66. Be7 Kh6 67. Bf6 Kg6 68. Be7 Kf7 69. Bb4 Ke6 70. Bf8 Kd7 71. Bb4 Kc6 72. Be7 Kb6 73. Bb4 Bc1 74. Kf2 Bf4 75. Kf3 Bc7 76. Be1 Kc5 77. Bd2 Bh2 78. Kg2 Bd6 79. Kf3 Be5 80. Kg2 Bc7 81. Kf3 Kb6 82. Bb4 Ka6 83. Bc5 Ka5 84. Be7 Be5 85. Kf2 Ka6 86. Kf3 Kb7 87. Kf2 Kc8 88. Kf3 Kc7 89. Kf2 Bd6 90. Bf6 Bc5 91. Kf3 Kd6 92. Bd8 Kd7 93. Bf6 Bb6 94. Bh4 Ke6 95. Bg5 Ba5 96. Ke2 Kf7 97. Kf3 Bb4 98. Bd8 Bd6 99. Bb6 Be5 100. Ba5 Kg6 101. Bd8 Bf6 102. Ba5 Bg5 103. Bb6 Be3 104. Bc7 Kh5 105. Bg3 Kg5 106. Be5 Kh4 107. Bf6+ Kh5 108. Be5 1/2-1/2

[Event "SWE-ch 65 2019"]
[Site "Eskilstuna"]
[Date "2019.07.13"]
[Round "8.2"]
[White "Alquist, Erik"]
[Black "Korning, Peter"]
[Result "1/2-1/2"]
[ECO "C88"]
[WhiteElo "1976"]
[BlackElo "1964"]
[Annotator "NA"]
[PlyCount "90"]
[EventDate "2019.07.06"]
[EventType "tourn"]
[EventCountry "SWE"]
[SourceTitle "playchess.com"]
[Source "ChessBase"]
[SourceQuality "1"]
[TimeControl "40/5400+30:1800+30"]

1. e4 e5 2. Nf3 Nc6 3. Bb5 a6 4. Ba4 Nf6 5. O-O Be7 6. Re1 b5 7. Bb3 O-O 8. h3 Bb7 9. d3 d5 10. exd5 Nxd5 11. Nbd2 Nf4 12. Ne4 Na5 13. Nxe5 Nxb3 14. axb3 Nxg2 15. Kxg2 f5 16. f3 fxe4 17. dxe4 Bd6 18. f4 Bxe5 19. Qxd8 Raxd8 20. fxe5 Rde8 21. Kg3 Rxe5 22. Bf4 Re6 23. Rf1 Bxe4 24. Bxc7 Rg6+ 25. Kh4 Bxc2 26. Rxf8+ Kxf8 27. b4 Ke7 28. Be5 Ke6 29. Re1 Kf7 30. Rf1+ Kg8 31. Bd4 h6 32. Rg1 Rxg1 33. Bxg1 Kf7 34. Bd4 Bd1 35. Bc3 g5+ 36. Kg3 Kg6 37. h4 Kf5 38. hxg5 hxg5 39. Bd2 g4 40. Bc3 Ke4 41. Bf6 Ke3 42. Bg5+ Kd3 43. Bf6 Kc4 44. Bc3 Bf3 45. Kf4 Kd5 {[%emt 0:02:18] Ke4+ Ke5+} 1/2-1/2

[Event "SWE-ch 65 2019"]
[Site "Eskilstuna"]
[Date "2019.07.13"]
[Round "8.3"]
[White "Gillefalk, Bjorn"]
[Black "Westin, Ake"]
[Result "1/2-1/2"]
[ECO "B06"]
[WhiteElo "2071"]
[BlackElo "1975"]
[Annotator "NA"]
[PlyCount "81"]
[EventDate "2019.07.06"]
[EventType "tourn"]
[EventCountry "SWE"]
[SourceTitle "playchess.com"]
[Source "ChessBase"]
[SourceQuality "1"]
[TimeControl "40/5400+30:1800+30"]

1. e4 Nc6 2. Nf3 d6 3. d4 Nf6 4. Nc3 g6 5. Be3 Bg7 6. d5 Nb8 7. a4 Bg4 8. h3 Bxf3 9. Qxf3 Nbd7 10. Bc4 Ne5 11. Qe2 Nxc4 12. Qxc4 O-O 13. O-O Nd7 14. a5 a6 15. Ra3 f5 16. exf5 Rxf5 17. Rb3 b5 18. axb6 cxb6 19. Ne4 b5 20. Qe2 Nb6 21. Ng5 Nxd5 22. Ne6 Qd7 23. Nxg7 Kxg7 24. Ra1 Qc6 25. Bd2 e5 26. Qe4 Qc5 27. Be3 Qc4 28. f3 Rf7 29. Bd2 Qxe4 30. fxe4 Nb6 31. Rd3 Nc4 32. Bc3 Rd7 33. Rad1 Rc8 34. b3 Nb6 35. Bxe5+ dxe5 36. Rxd7+ Nxd7 37. Rxd7+ Kh6 38. Rd5 Rxc2 39. Rxe5 Rb2 40. Re6 Rxb3 41. Rxa6 1/2-1/2

[Event "SWE-ch 65 2019"]
[Site "Eskilstuna"]
[Date "2019.07.13"]
[Round "8.4"]
[White "Dolata, Henryk"]
[Black "Eriksson, Bo HT"]
[Result "1/2-1/2"]
[ECO "B06"]
[WhiteElo "2061"]
[BlackElo "2051"]
[Annotator "NA"]
[PlyCount "96"]
[EventDate "2019.07.06"]
[EventType "tourn"]
[EventCountry "SWE"]
[SourceTitle "playchess.com"]
[Source "ChessBase"]
[SourceQuality "1"]
[TimeControl "40/5400+30:1800+30"]

1. e4 c5 2. c3 d5 3. exd5 Qxd5 4. Nf3 g6 5. d4 Bg7 6. Na3 Nh6 7. Be2 cxd4 8. Nb5 Na6 9. c4 Qd8 10. Nbxd4 O-O 11. O-O Nf5 12. Nc2 Qb6 13. Rb1 Rd8 14. Qe1 Nd6 15. Be3 Qc7 16. b3 Bf5 17. Rc1 Nc5 18. Bxc5 Qxc5 19. b4 Qc7 20. c5 Ne4 21. Ne3 Be6 22. Bc4 Bxc4 23. Nxc4 f5 24. Qe2 Rd7 25. Rfd1 Rad8 26. h3 Kh8 27. Rxd7 Rxd7 28. a3 h6 29. Qc2 Kh7 30. Rd1 Qd8 31. Rxd7 Qxd7 32. a4 Qd5 33. Ne3 Qc6 34. Qb3 e6 35. h4 a5 36. b5 Qxc5 37. Qxe6 Qc1+ 38. Kh2 Nxf2 39. Nxf5 Qf4+ 40. Ng3 Ng4+ 41. Kh3 Nf2+ 42. Kh2 Qc1 43. Nf5 Qf4+ 44. Kg1 Nh3+ 45. gxh3 Qxf3 46. Nxg7 Qg3+ 47. Kf1 Qf3+ 48. Ke1 Kxg7 1/2-1/2

[Event "SWE-ch 65 2019"]
[Site "Eskilstuna"]
[Date "2019.07.14"]
[Round "9.1"]
[White "Bellon Lopez, Juan Manuel"]
[Black "Larsson, Per-Olov"]
[Result "0-1"]
[ECO "D05"]
[WhiteElo "2343"]
[BlackElo "1954"]
[Annotator "NA"]
[PlyCount "146"]
[EventDate "2019.07.06"]
[EventType "tourn"]
[EventCountry "SWE"]
[SourceTitle "playchess.com"]
[Source "ChessBase"]
[SourceQuality "1"]
[TimeControl "40/5400+30:1800+30"]

1. d4 Nf6 2. Nf3 d5 3. e3 c5 4. c3 e6 5. Nbd2 Nbd7 6. Bd3 b6 7. Qa4 {[%emt 0:01:16] D05: Colle System with ...e6} (7. Qe2 Bb7 8. O-O Be7 9. b3 O-O 10. Bb2 Rc8 11. Rac1 Bd6 12. c4 cxd4 13. exd4 Qe7 14. Ne5 Ba3 15. Bxa3 Qxa3 {½-½ (44) Kramnik,V (2777)-Ding,L (2813) Wijk aan Zee 2019}) 7... Qc7 $146 ({Predecessor:} 7... c4 8. Bb1 a6 9. e4 b5 10. Qd1 dxe4 11. Nxe4 Bb7 12. Qe2 Nd5 13. O-O Qc7 {0-1 (42) Lamas Baliero,P-Diano,D Uruguay 1971}) 8. Ne5 Bd6 9. f4 O-O 10. O-O Bb7 11. Ndf3 a6 12. Bd2 b5 13. Qd1 Ne4 14. Ng5 Nxg5 15. Nxd7 Nh3+ 16. Kh1 Qxd7 17. Qh5 f5 18. Qxh3 c4 19. Bc2 g6 20. g4 Rf7 21. Rf3 Rg7 22. Rg1 Bc8 23. Be1 Qf7 24. gxf5 exf5 25. Qh6 Bd7 26. h4 Be8 27. h5 $11 Ra7 28. Rh3 Qe6 29. Bf2 Bf8 30. Qg5 Be7 31. Qg2 Bf6 32. Qh2 a5 33. hxg6 Bxg6 34. e4 fxe4 35. f5 Bxf5 36. Rh6 Rxg1+ 37. Bxg1 Rb7 38. Qf4 Bg6 39. Be3 Bg7 40. Rh2 Qf6 41. Qg4 Qf1+ 42. Bg1 Qf3+ 43. Qxf3 exf3 44. Bxg6 hxg6 45. Rh3 Rf7 46. Bf2 g5 47. Kh2 Rf5 48. Kg3 Kf7 49. Kg4 Kg6 50. Rh1 Rf4+ 51. Kg3 b4 52. Be3 Rf5 53. a4 Bf8 54. Kf2 Bd6 55. cxb4 Bxb4 56. Rh8 Rf8 57. Rh1 Bd6 58. Bd2 Bf4 59. Bxa5 g4 60. Be1 Bb8 61. Rg1 g3+ 62. Rxg3+ Bxg3+ 63. Kxg3 f2 64. Bxf2 Rb8 65. Kf4 Kf6 66. Be1 Rxb2 67. a5 Ra2 68. Bb4 Ke6 69. Be1 Kd6 70. Bb4+ Kc6 71. Bc3 Re2 72. Kf3 Re8 73. Kf4 Kb5 0-1

[Event "SWE-ch 65 2019"]
[Site "Eskilstuna"]
[Date "2019.07.14"]
[Round "9.2"]
[White "Alquist, Erik"]
[Black "Blomstrom, Lars"]
[Result "1-0"]
[ECO "B12"]
[WhiteElo "1976"]
[BlackElo "2153"]
[Annotator "ChessBase"]
[PlyCount "83"]
[EventDate "2019.07.06"]
[EventType "tourn"]
[EventCountry "SWE"]
[SourceTitle "playchess.com"]
[Source "ChessBase"]
[SourceQuality "1"]
[TimeControl "40/5400+30:1800+30"]

1. e4 c6 2. d4 d5 3. e5 c5 4. dxc5 e6 5. a3 Bxc5 6. Nf3 Ne7 7. b4 Bb6 8. Be2 a5 9. b5 a4 10. O-O Nd7 11. Bb2 Nc5 12. Nbd2 Ng6 13. Re1 O-O 14. Bf1 Bd7 15. Nd4 f6 16. exf6 gxf6 17. Qh5 e5 18. Nf5 Bxf5 19. Qxf5 Qd7 20. Qh5 Ne6 21. g3 Rae8 22. Rad1 Qg7 23. Nf3 Rd8 24. Qg4 Nc5 25. Bg2 f5 26. Qb4 Ne4 27. Re2 f4 28. Kf1 fxg3 29. hxg3 Qh6 30. Rxe4 dxe4 31. Rxd8 Rxd8 32. Qxe4 Qf8 33. Qg4 Qd6 34. Nxe5 Qd1+ 35. Qxd1 Rxd1+ 36. Ke2 Rb1 37. Nd3 Nf8 38. Bxb7 Nd7 39. Bd5+ Kf8 40. Bc3 Rg1 41. Bb4+ Kg7 42. c4 1-0

[Event "SWE-ch 65 2019"]
[Site "Eskilstuna"]
[Date "2019.07.14"]
[Round "9.3"]
[White "Westin, Ake"]
[Black "Svensson, Soren"]
[Result "1-0"]
[ECO "A03"]
[WhiteElo "1975"]
[BlackElo "1944"]
[Annotator "NA"]
[PlyCount "83"]
[EventDate "2019.07.06"]
[EventType "tourn"]
[EventCountry "SWE"]
[SourceTitle "playchess.com"]
[Source "ChessBase"]
[SourceQuality "1"]
[TimeControl "40/5400+30:1800+30"]

1. f4 d5 2. Nf3 Nf6 3. e3 g6 4. Be2 Bg7 5. O-O O-O 6. d3 c5 7. Qe1 Nc6 8. a4 Bf5 9. h3 h5 10. Nh4 Bd7 11. Qg3 e6 12. Nd2 Qc7 13. e4 Ne7 14. e5 Ne8 15. c3 a5 16. Ndf3 Qb6 17. Bd2 Rd8 18. Rfb1 Nc6 19. Nxg6 fxg6 20. Qxg6 Nf6 21. exf6 Rxf6 22. Qxh5 Be8 23. Qh4 Bg6 24. Ne5 Nxe5 25. fxe5 Rff8 26. Qg3 Bf5 27. Bg4 c4+ 28. Kh1 Bxd3 29. Be3 Qc6 30. Re1 Rde8 31. Bh5 Re7 32. Bg6 Bxg6 33. Qxg6 Ref7 34. h4 Rf5 35. Bd4 Rf4 36. g3 Rf3 37. Kg2 Rd3 38. Rf1 Qd7 39. Rxf8+ Kxf8 40. Rf1+ Kg8 41. Rf2 Qxa4 42. h5 1-0

[Event "SWE-ch 65 2019"]
[Site "Eskilstuna"]
[Date "2019.07.14"]
[Round "9.4"]
[White "Korning, Peter"]
[Black "Gillefalk, Bjorn"]
[Result "1-0"]
[ECO "D78"]
[WhiteElo "1964"]
[BlackElo "2071"]
[Annotator "NA"]
[PlyCount "30"]
[EventDate "2019.07.06"]
[EventType "tourn"]
[EventCountry "SWE"]
[SourceTitle "playchess.com"]
[Source "ChessBase"]
[SourceQuality "1"]
[TimeControl "40/5400+30:1800+30"]

1. Nf3 d5 2. g3 Nf6 3. Bg2 g6 4. O-O Bg7 5. d4 O-O 6. c4 c6 7. Qb3 dxc4 8. Qxc4 b5 9. Qc2 Bf5 10. Qd1 Qb6 11. a4 bxa4 12. Qxa4 Nbd7 13. Nbd2 c5 14. Nc4 Qd8 15. Nfe5 Be4 1-0